AoeStats
← JCVD

African Clearing

505457637Analyzed
2v2 RM · 23d ago on Sep 9, 2026· 16m 0s· 4 players
Game mode
Random Map
Map size
Medium (4 player)
Population
200
Speed
Normal
Resources
Standard
Victory
Conquest
Starting age
Dark Age
Ending age
Imperial Age
RankedLock teamsTeams togetherTeam positionsShared explorationLock speedFull tech treeHidden civsTurbo modeCheats
Victory
Defeat
🇦🇷 Magyars · Argentina
1197
+18
🇫🇷 Persians · France
1138
+20
🇨🇳 Spanish · China
1245
-19
🇨🇳 Saracens · China
1227
-19
LGN. Gerfel
5:38 Loom
12:36 Feudal Age
13:25 Double-Bit Axe
JCVD
8:22 Loom
15:47 Feudal Age
02281
3:12 Loom
十年仍菜
9:49 Loom
12:20 Feudal Age
13:08 Double-Bit Axe
13:20 Horse Collar
16:14 Scale Barding Armor
16:20 Forging
Connection lost

Rejoining the realm…

Still unreachable

The connection could not be restored.

Session expired

The server has moved on; the page needs a fresh start.